 Dungeon Crawl Stone Soup version 0.26-a0-708-g17f3b190f9 (webtiles) character file.

Game seed: 15910192570651273258

237 marklar909 the Chopper (level 6, -36/53 HPs)
             Began as a Hill Orc Monk on Oct 30, 2020.
             Killed from afar by an orc priest (50 damage)
             ... with an exploding inner flame
             ... hexed by the player character
             ... on level 3 of the Dungeon.
             The game lasted 00:02:57 (4053 turns).

marklar909 the Chopper (Hill Orc Monk)              Turns: 4053, Time: 00:02:58

Health: -36/53     AC:  4    Str: 16    XL:     6   Next: 6%
Magic:  6/6        EV: 13    Int: 10    God:
Gold:   87         SH:  0    Dex: 13    Spells: 5/5 levels left

rFire    . . .     SeeInvis .   a - +1 hand axe
rCold    . . .     Faith    .   (no shield)
rNeg     . . .     Spirit   .   h - +1 leather armour
rPois    .         Reflect  .   (no helmet)
rElec    .         Harm     .   (no cloak)
rCorr    .         Rampage  .   (no gloves)
MR       .....                  (no boots)
Stlth    ++........             (no amulet)
HPRegen  0.17/turn              (no ring)
MPRegen  0.10/turn              (no ring)

@: no status effects
A: no striking features
a: no special abilities


You were on level 3 of the Dungeon.
You visited 1 branch of the dungeon, and saw 3 of its levels.

You collected 87 gold pieces.

Inventory:

Hand Weapons
 a - a +1 hand axe (weapon)
Missiles
 g - 5 poisoned darts (quivered)
Armour
 h - a +1 leather armour (worn)
Jewellery
 c - a +6 ring of intelligence {unknown}
 d - an uncursed ring of fire {unknown}
Scrolls
 e - 2 scrolls of remove curse
 f - 2 scrolls of identify
 i - a scroll of blinking
 m - a scroll of enchant armour
 q - a scroll of magic mapping
Potions
 b - 3 potions of curing
 j - 2 potions of might {unknown}
 k - 2 potions of invisibility {unknown}
 l - a potion of lignification {unknown}
 o - a potion of mutation {unknown}
 p - a potion of degeneration {unknown}


   Skills:
 + Level 4.6 Fighting
 + Level 6.3 Axes
 + Level 2.3 Armour
 + Level 3.1 Dodging
 + Level 2.0 Stealth


You had 5 spell levels left.
You didn't know any spells.
Your spell library was empty.

Dungeon Overview and Level Annotations

Branches:
Dungeon (3/15)

Altars:
Qazlal
Vehumet


Message History

You hit the orc priest.
Flame seeps out of the orc priest.
The orc priest shouts, "Beogh is our master!
Accept the truth or die!"
The orc priest is severely wounded.
You hit the adder.
Flame seeps out of the adder.
You hit the adder.
Flame seeps out of the adder.
The adder is engulfed in blazing flames.
Flame seeps out of the adder.
The adder barely misses you.
The adder is engulfed in blazing flames.
The adder explodes!
The fiery explosion engulfs the kobold!!!
The kobold explodes!
The fiery explosion engulfs the orc priest!!
The orc priest explodes!
The fiery explosion engulfs the adder!!
The adder explodes!
The fiery explosion engulfs you!
* * * LOW HITPOINT WARNING * * *
The fiery explosion engulfs you!!!
Ouch! That really hurt!
You die...

##.... #....###
....... #....###.
###))...... #.).##.#
#§#§§..# #§○○####
#+# ##○@# #.#####
#§§######. #......
#......... ##.#.#.#
#.##########...###†
#.# #.....#.#
##.##########...#.##
#.#............#####
##.###########......
### #.#####


There were no monsters in sight!

Vanquished Creatures
  A howler monkey (D:2)
  A worker ant zombie (D:3)
  3 gnolls (D:2)
  9 adders
  2 dart slugs (D:1)
  3 leopard geckos
  4 orcs (D:3)
  7 bats
  4 giant cockroaches
  6 goblins
  9 hobgoblins
  A quokka (D:2)
  5 ball pythons
  2 frilled lizards
  9 kobolds
  9 rats
75 creatures vanquished.

Notes
Turn   | Place    | Note
-------+----------+-------------------------------------------
     0 | D:1      | marklar909 the Hill Orc Monk began the quest for the Orb.
     0 | D:1      | Reached XP level 1. HP: 19/19 MP: 1/1
   180 | D:1      | Reached XP level 2. HP: 21/27 MP: 2/2
   925 | D:1      | Reached XP level 3. HP: 32/33 MP: 3/3
  1547 | D:2      | Reached skill level 5 in Axes
  1550 | D:2      | Reached skill level 1 in Armour
  1550 | D:2      | Reached XP level 4. HP: 24/40 MP: 4/4
  2359 | D:2      | Reached XP level 5. HP: 34/47 MP: 5/5
  2504 | D:2      | Found a radiant altar of Vehumet.
  3310 | D:3      | Reached skill level 6 in Axes
  3747 | D:3      | Found a stormy altar of Qazlal.
  3906 | D:3      | Noticed a water elemental
  3906 | D:3      | Noticed an air elemental
  3906 | D:3      | Noticed a fire elemental
  4040 | D:3      | Reached XP level 6. HP: 48/53 MP: 6/6
  4053 | D:3      | Killed from afar by an orc priest

Illustrated notes

Levels and vault maps discovered:
D:1:      tarquinn_simple_flora_water_b, layout_basic, minmay_crystal_room
D:2:      layout_loops_corners, lemuel_round_altar
D:3:      layout_loops_corners, nicolae_overflow_hidden_temple,
          nicolae_qazlal_style_of_elements

Skill      XL: |  1  2  3  4  5 |
---------------+----------------+-----
Fighting       | 4 |  4.6
Axes           | 5 6 |  6.3
Armour         | 1 2 |  2.3
Dodging        | 3 |  3.1
Stealth        | 2 |  2.0

Action                   |  1- 3 |  4- 6 || total
-------------------------+-------+-------++-------
Melee: Hand axe          |   126 |   151 ||   277
  Use: Scroll            |       |     8 ||     8
       Potion            |       |     1 ||     1
 Stab: Sleeping          |     1 |     3 ||     4
Armor: Robe              |    10 |       ||    10
       Leather armour    |    25 |    31 ||    56
Dodge: Dodged            |    92 |   103 ||   195

Table legend: (Time is in decaauts)
 A = Elapsed time spent in this place.
 B = Non-inter-level travel time spent in this place.
 C = Inter-level travel time spent in this place.
 D = Time resting spent in this place.
 E = Time spent auto-exploring this place.
 F = Levels seen in this place.
 G = Mean time per level.
                   A        B        C        D        E       F      G
               +--------+--------+--------+--------+--------+-----+--------+
         Total |   4063 |   3969 |     94 |    580 |   2857 |   3 | 1354.3 |
       Dungeon |   4063 |   3969 |     94 |    580 |   2857 |   3 | 1354.3 |
               +--------+--------+--------+--------+--------+-----+--------+

Top non-repeatable levels by time:
     D:2: 1819 daAuts
     D:1: 1275 daAuts
     D:3: 967 daAuts
